 Dungeon Crawl Stone Soup version 0.23-a0-677-g07611c5 (console) character file.

7 Duffy the Firebug (level 1, 0/13 HPs)
             Began as a Demonspawn Fire Elementalist on Jan 9, 2019.
             Slain by a jackal (2 damage)
             ... on level 1 of the Dungeon.
             The game lasted 00:00:19 (206 turns).

Duffy the Firebug (Demonspawn Fire Elementalist)     Turns: 206, Time: 00:00:20

Health: 0/13       AC:  2    Str:  8    XL:     1   Next: 91%
Magic:  0/3        EV: 12    Int: 21    God:
Gold:   13         SH:  0    Dex: 13    Spells: 3/4 levels left

rFire    . . .     SeeInvis .   (no weapon)
rCold    . . .     Gourm    .   (no shield)
rNeg     . . .     Faith    .   a - +0 robe
rPois    .         Spirit   .   (no helmet)
rElec    .         Reflect  .   (no cloak)
rCorr    .         Harm     .   (no gloves)
MR       .....                  (no boots)
Stlth    ++........             (no amulet)
HPRegen  0.04/turn              (no ring)
MPRegen  0.08/turn              (no ring)

@: brilliant
A: no striking features
a: no special abilities


You were on level 1 of the Dungeon.
You were not hungry.

You visited 1 branch of the dungeon, and saw 1 of its levels.

You collected 13 gold pieces.

Inventory:

Armour
 a - a +0 robe (worn)
Potions
 b - a potion of brilliance
Comestibles
 c - a ration
 d - 3 chunks of flesh


   Skills:
 - Level 1.7 Dodging
 - Level 1.7 Stealth
 - Level 2.0 Spellcasting
 + Level 2.0 Conjurations
 - Level 2.6 Fire Magic


You had 3 spell levels left.
You knew the following spells:

 Your Spells              Type           Power        Failure   Level  Hunger
h - Flame Tongue          Conj/Fire      ###..        1%          1    #......

Your spell library contained the following spells:

 Spells                   Type           Power        Failure   Level  Hunger
 Throw Flame              Conj/Fire      ###...       1%          2    ##.....
 Conjure Flame            Conj/Fire      ###.....     2%          3    ###....
 Inner Flame              Hex/Fire       ###.....     3%          3    ###....
 Sticky Flame             Conj/Fire      ###.....     7%          4    #####..
 Fireball                 Conj/Fire      ###.......   16%         5    ######.


Dungeon Overview and Level Annotations

Branches:
Dungeon (1/15)

Altars:


Message History

The jackal bites you.
Casting: Flame Tongue (safe; 1% risk of failure)
Confirm with . or Enter, or press ? or * to list all spells.
You don't have enough magic to cast that spell.
You closely miss the jackal.
The jackal is moderately wounded.
The jackal bites you. The jackal closely misses you.
Casting: Flame Tongue (safe; 1% risk of failure)
Confirm with . or Enter, or press ? or * to list all spells.
You don't have enough magic to cast that spell.
You hit the jackal.
The jackal is heavily wounded.
The jackal bites you.
Casting: Flame Tongue (safe; 1% risk of failure)
Confirm with . or Enter, or press ? or * to list all spells.
You don't have enough magic to cast that spell.
You hit the jackal.
The jackal is severely wounded.
The jackal bites you.
You die...

...#### #........#
......#####........###
...##................
...########).......#
...# #........### .(.#
#..........# ...# ..
#........#. . ..##
#..####.#######....
.## #.......hh@.......
#####.#######.##.. #%#
#.. #h# .>.
##.##h###.#
#......#..##
....####..h..# .#
#...#...# ...### ...


You could see 2 jackals.

Vanquished Creatures
  A leopard gecko (D:1)
  A bat (D:1)
  A goblin (D:1)
  A hobgoblin (D:1)
  A jackal (D:1)
5 creatures vanquished.

Notes
Turn   | Place    | Note
-------+----------+-------------------------------------------
     0 | D:1      | Duffy the Demonspawn Fire Elementalist began the quest for
                  | the Orb.
     0 | D:1      | Reached XP level 1. HP: 13/13 MP: 3/3
   206 | D:1      | Slain by a jackal

Vault maps used:
D:1:      nicolae_arrival_washed_ashore, lemuel_another_geyser

Skill      XL: |  1 |
---------------+----+-----
Conjurations   | 2 |  2.0
Dodging        | |  1.7
Stealth        | |  1.7
Spellcasting   | |  2.0
Fire Magic     | |  2.6

Action                   || total
-------------------------++-------
Melee: Unarmed           ||    30
 Cast: Flame Tongue      ||    14
  Use: Potion            ||     1
Armor: Robe              ||    17
Dodge: Dodged            ||    45

Table legend:
 A = Non-vault XP
 B = Vault XP
 C = Vault XP percentage of total XP
 D = Non-vault monster count
 E = Vault monster count
 F = Vault count percentage of total count
                 A         B        C        D         E       F
            +---------+---------+-------+---------+---------+-------
      Total |      11 |       0 |   0.0 |       5 |       0 |   0.0
            +---------+---------+-------+---------+---------+-------
        D:1 |      11 |       0 |   0.0 |       5 |       0 |   0.0
            +---------+---------+-------+---------+---------+-------
